 Dungeon Crawl Stone Soup version 0.32-a0-859-gb0a091d592 (webtiles) character file.

Game seed: 8435252943229007234

5532 bmack86 the Severer (level 10, -11/77 HPs)
             Began as a Minotaur Fighter on Mar 27, 2024.
             Was an Elder of Okawaru.
             Mangled by a large abomination (30 damage)
             ... on level 1 of the Abyss.
             The game lasted 00:18:20 (7116 turns).

bmack86 the Severer (Minotaur Fighter)              Turns: 7116, Time: 00:18:20

Health: -11/77     AC: 13    Str: 25    XL:     10   Next: 43%
Magic:  10/15      EV:  9    Int:  3    God:    Okawaru [****..]
Gold:   256        SH:  9    Dex:  5    Spells: 9/9 levels left

rFire   . . .        k - +1 war axe (drain)
rCold   . . .        c - +0 buckler
rNeg    . . .        D - +5 ring mail of the Hanged Man {Harm Fly Int-2 Dex-5}
rPois   .            (helmet restricted)
rElec   .            B - +0 cloak {Will+}
rCorr   .            (no gloves)
SInv    .            l - +0 pair of boots
Will    +....        j - amulet of reflection Stlth
                     (no ring)
HPRegen 0.32/turn    (no ring)
MPRegen 0.14/turn

%: harm (+30% outgoing, +20% incoming), reflection
@: finesse-ful, flying
A: horns 2, retaliatory headbutt
a: Renounce Religion, Heroism, Finesse


You were on level 1 of the Abyss.
You worshipped Okawaru.
Okawaru was greatly pleased with you.
You visited 2 branches of the dungeon, and saw 9 of its levels.
You visited the Abyss 1 time.

You collected 361 gold pieces.
You spent 105 gold pieces at shops.

Inventory:

Hand Weapons
 a - a +0 war axe
 k - a +1 war axe of draining (weapon)
Missiles
 m - 2 javelins
 q - 2 boomerangs (quivered)
Armour
 b - a +0 scale mail
 c - a +0 buckler (worn)
 h - a scarf of shadows
 l - a +0 pair of boots (worn)
 B - a +0 cloak of willpower (worn)
 C - a +0 chain mail
 D - the +5 ring mail of the Hanged Man (worn) {Harm Fly Int-2 Dex-5}
   (You took it off a kobold brigand on level 8 of the Dungeon)

   Int-2:     It affects your intelligence (-2).
   Dex-5:     It affects your dexterity (-5).
   Fly:       It grants you flight.
   Harm:      It increases damage dealt and taken.
Jewellery
 j - an amulet of reflection (around neck)
 o - an amulet of guardian spirit
 x - a ring of flight
Wands
 u - a wand of flame (30)
 z - a wand of paralysis (7)
Scrolls
 f - a scroll of vulnerability
 s - 3 scrolls of blinking
 v - 2 scrolls of fog
 y - 2 scrolls of amnesia
 A - a scroll of teleportation
 E - a scroll of immolation
Potions
 d - a potion of might
 g - 2 potions of haste
 i - 2 potions of ambrosia
 n - 2 potions of mutation
 p - 2 potions of lignification
 r - 2 potions of heal wounds {unknown}
 t - a potion of invisibility {unknown}
 w - a potion of brilliance {unknown}


   Skills:
 - Level 3.6 Fighting
 * Level 15.5 Axes
 - Level 3.6 Armour
 - Level 5.0 Shields
 - Level 8.0 Invocations


You had 9 spell levels left.
You didn't know any spells.
Your spell library contained the following spells:

 Spells                   Type           Power      Damage    Failure   Level
 Sigil of Binding         Hex            0%         N/A       97%         3
 Dimensional Bullseye     Hex/Tloc       0%         N/A       100%        4
 Call Canine Familiar     Summ           Unusable   N/A       N/A         3
 Death Channel            Necr           Unusable   N/A       N/A         6
 Sculpt Simulacrum        Ice/Alch       Unusable   N/A       N/A         6

Dungeon Overview and Level Annotations

Branches:
Dungeon (8/15)             Temple (1/1) D:4
   Lair: D:8-11

Altars:
Ashenzari
Cheibriados
Dithmenos
Fedhas
Gozag
Hepliaklqana
Kikubaaqudgha
Makhleb
Nemelex Xobeh
Okawaru
Qazlal
Ru
Sif Muna
Trog
Uskayaw
Vehumet
Xom
Yredelemnul
Zin
The Shining One

Shops:
D:1 !(*   D:5 !

Annotations:
D:3 2 transporters, Arkalis's ghost, amateur DjFE
D:8 1 transporter, Psyche


Innate Abilities, Weirdness & Mutations

You have a pair of horns on your head.
You reflexively headbutt those who attack you in melee.


Message History

Okawaru accepts your kill.
You start resting.
A white draconian stormcaller comes into view.
It is wielding a +0 short sword.
You gain the combat prowess of a mighty hero.
A quasit comes into view.
The quasit bites you but does no damage.
You block the quasit's attack. x2; The quasit misses you.
You furiously retaliate!
You headbutt the quasit! The quasit barely misses you.
The quasit closely misses you.
You hit the quasit.
The quasit is almost dead.
The quasit barely misses you. You furiously retaliate!
You headbutt the quasit!
You kill the quasit!
Okawaru accepts your kill.
Found a gateway leading deeper into the Abyss.
A rakshasa comes into view. It is wielding a +0 long sword.
There is a gateway leading deeper into the Abyss here.
You feel like a meek peon again.
A shadow imp comes into view.
The shadow imp shouts!
The shadow imp gestures at you.
You easily resist.
You slash the shadow imp!
You kill the shadow imp!
Okawaru accepts your kill.
A large abomination comes into view.
You can now deal lightning-fast blows.
The large abomination barely misses you.
You hit the large abomination.
The large abomination is lightly damaged.
The large abomination hits you!!
Ouch! That really hurt!
* * * LOW HITPOINT WARNING * * *
You barely miss the large abomination.
The large abomination is lightly damaged.
You slice the large abomination!!
Your headbutt misses the large abomination.
The large abomination is severely damaged.
The large abomination hits you!!
You die...

#.... ####
#.#...##... ###.#..#.
. . # .#...... # . #.
#.#### ....
#.######.#...##.>#.#.
..#..#.##...##. .# .
###.#...#R# # ..#...#
#...@XR.#. ....#R...
#......###.#.#..###
.... ##....#. ...####
.# ....... ..##.#.. #
#..#... #..#.....#
... ..#.... .#...
..#. .# # ##.. #.
#.#... # ยง.#. ..#.##


You could see a rakshasa and a large abomination.

Vanquished Creatures
  2 two-headed ogres (D:8)
  A meliai (D:8)
  Maggie (D:6)
  A hornet (D:8)
  Grinder (D:4)
  Eustachio (D:4)
  6 yaks (D:8)
  A fire bat (D:5)
  An ice beast (D:5)
  A sky beast (D:6)
  2 black bears (D:4)
  An ogre (D:5)
  3 centaurs
  A kobold brigand (D:8)
  5 scorpions
  8 wights
  A howler monkey (D:8)
  A bombardier beetle (D:3)
  A quasit (Abyss:1)
  3 orc priests
  A hound (D:6)
  2 jellies
  Crazy Yiuf (D:7)
  A gnoll bouda (D:5)
  5 iguanas
  2 orc wizards (D:7)
  8 gnolls
  9 adders
  3 shadow imps
  A white imp (D:8)
  2 ufetubi (Abyss:1)
  A ribbon worm (D:2)
  2 dart slugs
  9 orcs
  4 endoplasms
  A giant cockroach (D:3)
  10 goblins
  4 hobgoblins
  2 jackals (D:1)
  2 quokkas
  6 ball pythons
  2 bats
  3 frilled lizards
  8 kobolds
  4 rats
135 creatures vanquished.

Notes
Turn   | Place    | Note
-------+----------+-------------------------------------------
     0 | D:1      | bmack86 the Minotaur Fighter began the quest for the Orb.
     0 | D:1      | Reached XP level 1. HP: 19/19 MP: 0/0
   104 | D:1      | Found Ygoas's Weapon Shop.
   173 | D:1      | Found Kunnag's Distillery.
   233 | D:1      | Found Loiwadoo's Weapon Shoppe.
   240 | D:1      | Reached XP level 2. HP: 24/26 MP: 1/1
   259 | D:1      | Found Aleho Loa's General Store.
   483 | D:1      | Reached skill level 3 in Axes
   737 | D:1      | Reached XP level 3. HP: 29/31 MP: 2/2
   802 | D:2      | Reached skill level 5 in Shields
   900 | D:2      | Reached skill level 4 in Axes
   900 | D:2      | Reached XP level 4. HP: 39/39 MP: 3/3
  1756 | D:3      | Found a sacrificial altar of Ru.
  1779 | D:3      | Reached skill level 5 in Axes
  1800 | D:3      | Found a hide-covered altar of Uskayaw.
  1820 | D:3      | Reached XP level 5. HP: 41/45 MP: 4/4
  1844 | D:3      | Found a transporter.
  1848 | D:3      | Noticed Arkalis's ghost (amateur DjFE)
  1881 | D:3      | Found a transporter.
  2047 | D:3      | Reached skill level 6 in Axes
  2125 | D:4      | Found a staircase to the Ecumenical Temple.
  2130 | Temple   | Entered the Ecumenical Temple
  2168 | Temple   | Became a worshipper of Warmaster Okawaru
  2252 | D:4      | Noticed Eustachio
  2261 | D:4      | Killed Eustachio
  2262 | D:4      | Reached skill level 7 in Axes
  2262 | D:4      | Reached skill level 1 in Invocations
  2262 | D:4      | Reached XP level 6. HP: 51/51 MP: 4/6
  2437 | D:4      | Found a bloodstained altar of Trog.
  2450 | D:4      | Reached * piety under Okawaru
  2451 | D:4      | Reached XP level 7. HP: 54/57 MP: 6/8
  2454 | D:4      | Reached skill level 8 in Axes
  2509 | D:4      | Noticed Grinder
  2515 | D:4      | Paralysed by Grinder for 2 turns
  2528 | D:4      | Killed Grinder
  2860 | D:4      | Found a glowing silver altar of Zin.
  3484 | D:5      | Entered Level 5 of the Dungeon
  3637 | D:5      | Found Moighojom's Distillery.
  3653 | D:5      | Reached skill level 9 in Axes
  3764 | D:5      | Bought a potion of degeneration for 12 gold pieces
  3783 | D:5      | Reached ** piety under Okawaru
  3904 | D:5      | Found a shimmering altar of Xom.
  3904 | D:5      | Noticed a fire bat
  3910 | D:5      | Reached XP level 8. HP: 64/64 MP: 8/10
  4004 | D:5      | Reached skill level 10 in Axes
  4495 | D:6      | Noticed Maggie
  4511 | D:6      | Killed Maggie
  4511 | D:6      | Reached *** piety under Okawaru
  4512 | D:6      | Reached skill level 11 in Axes
  4512 | D:6      | Reached skill level 5 in Invocations
  4761 | D:6      | Found a sparkling altar of Nemelex Xobeh.
  4858 | D:6      | Reached XP level 9. HP: 70/70 MP: 12/12
  5365 | D:7      | Reached skill level 12 in Axes
  5758 | D:7      | Found a burning altar of Makhleb.
  6050 | D:7      | Found a runed translucent door.
  6051 | D:7      | Noticed Crazy Yiuf
  6059 | D:7      | Killed Crazy Yiuf
  6249 | D:1      | Bought a +0 chain mail for 49 gold pieces
  6249 | D:1      | Bought a scroll of identify for 22 gold pieces
  6249 | D:1      | Bought a scroll of identify for 22 gold pieces
  6431 | D:8      | Reached skill level 13 in Axes
  6437 | D:8      | Identified the +5 ring mail of the Hanged Man {Harm Fly
                  | Int-2 Dex-5}
  6438 | D:8      | Reached **** piety under Okawaru
  6454 | D:8      | Noticed a two-headed ogre
  6463 | D:8      | Killed a two-headed ogre
  6464 | D:8      | Reached skill level 14 in Axes
  6464 | D:8      | Reached XP level 10. HP: 46/77 MP: 14/14
  6650 | D:8      | Noticed a two-headed ogre
  6656 | D:8      | Killed a two-headed ogre
  6680 | D:8      | Reached skill level 15 in Axes
  6697 | D:8      | Noticed a meliai
  6706 | D:8      | Killed a meliai
  6925 | D:8      | Found a transporter.
  6928 | D:8      | Noticed Psyche
  6957 | Abyss:1  | Cast into level 1 of the Abyss (Psyche)
  7043 | Abyss:1  | Noticed a white draconian stormcaller
  7089 | Abyss:1  | Noticed a rakshasa
  7109 | Abyss:1  | Noticed a large abomination
  7116 | Abyss:1  | Mangled by a large abomination

Illustrated notes

Levels and vault maps discovered:
D:1:      lemuel_arrival_broad_hall, layout_loops_ring, serial_shops, shop,
          shop, nicolae_shop_bloodbath_and_beyond, shop
D:2:      layout_basic
D:3:      layout_rooms, mainiacjoe_overflow_large_starburst,
          gammafunk_ghost_stat_death
D:4:      layout_layer_cave, zin_statuary, trog_ov_bears_minmay,
          temple_doors_cd, serial_glass, glass_columns_a, glass_columns_a,
          glass_columns_a, glass_columns_a, glass_columns_a, uniq_grinder,
          uniq_eustachio
D:5:      layout_gridville, regret_index_xom_of_box, serial_shops,
          nicolae_shop_crystal
D:6:      layout_rooms, mainiacjoe_overflow_alcove_1, uniq_maggie
D:7:      layout_gridville, overflow_temple_1_default, grunt_decor_arrowhead,
          uniq_crazy_yiuf_cottage
D:8:      cheibrodos_two_vegetables, layout_basic,
          gammafunk_temple_overflow_arena, uniq_psyche
Temple:   oiseaux_autumnal_temple
Abyss:1:  base:
D:3

Skill      XL: |  1  2  3  4  5  6  7  8  9 10 |
---------------+-------------------------------+-----
Shields        | 4 5 |  5.0
Axes           | 3 4 5 7 9 11 14 15 | 15.5
Invocations    | 1 2 4 5 7 8 |  8.0
Fighting       | |  3.6
Armour         | |  3.6

Action                     |  1- 3 |  4- 6 |  7- 9 | 10-12 || total
---------------------------+-------+-------+-------+-------++-------
  Melee: War axe           |    44 |    67 |   178 |    35 ||   324
         Headbutt          |     8 |    17 |    46 |     5 ||    76
  Throw: Javelin           |       |     4 |       |       ||     4
         Boomerang         |       |     2 |     3 |       ||     5
 Invoke: Heroism           |       |       |     3 |     3 ||     6
         Finesse           |       |       |       |     1 ||     1
    Use: Scroll            |       |     7 |     7 |       ||    14
         Potion            |       |       |       |     2 ||     2
 Armour: Scale mail        |    24 |    64 |    78 |       ||   166
         Chain mail        |       |       |     8 |       ||     8
         Ring mail         |       |       |       |    20 ||    20
         Skin              |       |       |       |    20 ||    20
  Dodge: Dodged            |    29 |    47 |    55 |    21 ||   152
  Block: Buckler           |     6 |    36 |    67 |     9 ||   118
         Reflection        |       |       |     6 |       ||     6

Table legend: (Time is in decaauts)
 A = Elapsed time spent in this place.
 B = Non-inter-level travel time spent in this place.
 C = Inter-level travel time spent in this place.
 D = Time resting spent in this place.
 E = Time spent auto-exploring this place.
 F = Levels seen in this place.
 G = Mean time per level.
                   A        B        C        D        E       F      G
               +--------+--------+--------+--------+--------+-----+--------+
         Total |   7121 |   6512 |    609 |    238 |   4779 |  10 |  712.1 |
       Dungeon |   6911 |   6352 |    559 |    186 |   4779 |   8 |  863.9 |
        Temple |     63 |     13 |     50 |      0 |      0 |   1 |   63.0 |
         Abyss |    146 |    146 |      0 |     52 |      0 |   1 |  146.0 |
               +--------+--------+--------+--------+--------+-----+--------+

Top non-repeatable levels by time:
     D:4: 1369 daAuts
     D:7: 1082 daAuts
     D:5: 1020 daAuts
     D:2: 884 daAuts
     D:1: 880 daAuts
     D:6: 636 daAuts
     D:8: 551 daAuts
     D:3: 486 daAuts
 Abyss:1: 146 daAuts
  Temple: 63 daAuts
